 Dungeon Crawl Stone Soup version 0.30-a0-939-gc8157cb160 (webtiles) character file.

Game seed: 658956090353156005

21217 Iniera the Carver (level 12, 0/93 (104) HPs)
             Began as a Demigod Warper on Mar 25, 2023.
             Slain by a pharaoh ant (7 damage)
             ... on level 3 of the Lair of Beasts.
             The game lasted 00:25:04 (14810 turns).

Iniera the Carver (Demigod Warper)                 Turns: 14810, Time: 00:25:04

HP:   0/93 (104)    AC: 16    Str: 12    XL:     12   Next: 22%
MP:   18/18         EV: 22    Int: 15    God:
Gold: 674           SH:  0    Dex: 29    Spells: 3/14 levels left

rFire   . . .      SeeInvis .    b - +3 great sword
rCold   + . .      Faith    .    (shield currently unavailable)
rNeg    . . .      Spirit   .    j - +0 steam dragon scales
rPois   +          Reflect  .    f - +1 helmet
rElec   .          Rampage  .    E - +2 cloak {rPois}
rCorr   .                        x - +2 pair of gloves
Will    ++...                    A - +0 pair of boots
Stlth   ++                       (no amulet)
HPRegen 0.35/turn                n - ring of willpower
MPRegen 0.16/turn                r - ring of protection from cold

@: heavily drained
A: high MP 1, forlorn, divine attributes
a: no special abilities


You were on level 3 of the Lair of Beasts.
You visited 4 branches of the dungeon, and saw 16 of its levels.
You also visited: Bailey.

You collected 674 gold pieces.

Inventory:

Hand Weapons
 a - a +0 scimitar of flaming
 b - a +3 great sword (weapon)
Missiles
 d - 4 boomerangs of dispersal
 w - 3 curare-tipped darts (quivered)
 D - 4 throwing nets
Armour
 f - a +1 helmet (worn)
 j - +0 steam dragon scales (worn)
 x - a +2 pair of gloves (worn)
 A - a +0 pair of boots (worn)
 E - a +2 cloak of poison resistance (worn)
Jewellery
 l - an amulet of the acrobat
 n - a ring of willpower (left hand)
 r - a ring of protection from cold (right hand)
Wands
 i - a wand of polymorph (15)
 m - a wand of charming (1)
 s - a wand of iceblast (2)
 y - a wand of flame (35)
Scrolls
 c - a scroll of blinking
 g - 2 scrolls of magic mapping
 o - a scroll of fear
 p - a scroll of teleportation
 q - a scroll of fog
 v - a scroll of noise
Potions
 e - 4 potions of mutation
 h - 6 potions of curing
 k - a potion of magic
 t - 2 potions of attraction
 u - 2 potions of brilliance
 z - 2 potions of lignification
 B - 2 potions of might
 C - 3 potions of invisibility
 F - a potion of haste
 G - 2 potions of cancellation
 H - a potion of berserk rage {unknown}
 I - 3 potions of flight {unknown}
 K - a potion of ambrosia {unknown}
Miscellaneous
 L - a phial of floods


   Skills:
 + Level 9.3 Fighting
 + Level 12.8 Long Blades
 - Level 2.8 Throwing
 - Level 6.0 Armour
 + Level 9.3 Dodging
 + Level 0.0 Stealth
 - Level 1.7 Spellcasting
 - Level 2.6 Translocations
 - Level 2.6 Evocations


You had 3 spell levels left.
You knew the following spells:

 Your Spells              Type           Power      Damage    Failure   Level
a - Blink                 Tloc           18%        N/A       12%         2
b - Lesser Beckoning      Tloc           18%        N/A       12%         2
c - Vhi's Electric Charg  Tloc/Air       10%        N/A       36%         3
d - Manifold Assault      Tloc           9%         N/A       58%         4

Your spell library contained the following spells:

 Spells                   Type           Power      Damage    Failure   Level
 Teleport Other           Tloc           9%         N/A       22%         3
 Freezing Cloud           Conj/Ice/Air   0%         6-21      99%         5
 Simulacrum               Ice/Necr       0%         N/A       100%        6
 Polar Vortex             Ice            0%         N/A       100%        9


Dungeon Overview and Level Annotations

Branches:
Dungeon (12/15)            Temple (1/1) D:6            Lair (3/5) D:11
 Spider (0/4) Lair:3          Orc (1/2) D:10         Bailey (visited)
  Swamp: Lair:2-3    Shoals: Lair:2-3

Shops:
D:2 :   D:9 :

Annotations:
D:11 Erolcha
Lair:1 1 runed translucent door, DeathPants's ghost, journeyman VSSu
Orc:1 Sonja


Innate Abilities, Weirdness & Mutations

You have an increased reservoir of magic. (+10% MP)
You shall have no god before yourself.
Your divine heritage dramatically boosts your attributes as you level up.


Message History

No target in view!
(D) Dungeon (T) Temple (L) Lair (O) Orcish Mines
Where to? (Enter - Lair:2, ? - help) As you open the door, it creaks loudly!
Done exploring.
No target in view!
(D) Dungeon (T) Temple (L) Lair (O) Orcish Mines
Where to? (Enter - Lair:3, ? - help)
There is an open door here.
There is a stone staircase leading down, spattered with blood here.
You climb downwards.
Found a stone staircase leading up.
There is a stone staircase leading up here.
You enter the shallow water.
Moving in this stuff is going to be slow.
A pharaoh ant comes into view.
Found 15 gold pieces.
Found a hole to the Spider Nest.
The pharaoh ant gives a chilling moan.
You hear a faint skittering sound.
You hear an angry hiss. 2 tarantellas come into view.
The tarantella moves out of view. x2
You closely miss the pharaoh ant. The pharaoh ant bites you!!
You feel drained.
A komodo dragon comes into view.
The pharaoh ant bites you!
You feel drained.
You barely miss the pharaoh ant. The pharaoh ant bites you!!
You are too injured to fight recklessly!
You are too injured to fight recklessly!
The pharaoh ant attacks as you move away!
The pharaoh ant closely misses you. The pharaoh ant misses you.
The pharaoh ant attacks as you move away!
The pharaoh ant completely misses you.
The pharaoh ant attacks as you move away!
The pharaoh ant bites you!
* * * LOW HITPOINT WARNING * * *
The pharaoh ant barely misses you.
The pharaoh ant attacks as you move away!
The pharaoh ant bites you!!
* * * LOW HITPOINT WARNING * * *
You feel drained.
You die...

.......###.....#
#........#...#.
........^l.#...
###..#...#.
#..........# ###
#####...###$.... #~##
#..#..### #..#
#♣P~####.sB..# ## ..
##♣~~~.....#@#####.#
#~~~~~.............##
#~~≈P...............
#♣P~P.............#.
#~~~.............#
##~♣♣♣...........# ##
#.####..##### ###
##..### ###....#


You could see a komodo dragon, a pharaoh ant and a tarantella.

Vanquished Creatures
  Gastronok (Lair:2)
  Josephine (D:11)
  Harold (D:10)
  Erica (D:8)
  A two-headed ogre (D:9)
  Nergalle (D:10)
  Pikel (D:8)
  2 ugly things (D:11)
  Maurice (D:11)
  Joseph (Lair:1)
  2 black mambas (Lair:1)
  A torpor snail (Lair:1)
  A gargoyle (Bailey)
  A cane toad (Lair:2)
  Psyche (D:8)
  An unseen horror (D:11)
  3 komodo dragons
  A troll (D:11)
  A polar bear (Lair:2)
  4 hornets
  3 shadows
  Sigmund (D:3)
  5 wraiths
  24 yaks
  A vampire (Bailey)
  2 wyverns
  2 basilisks
  A vampire mosquito (D:6)
  2 steam dragons
  4 water moccasins
  3 orc warriors
  A sky beast (D:7)
  2 black bears
  2 ice beasts (D:6)
  8 centaurs
  8 wolves (Lair:2)
  An ogre (D:6)
  2 lemures (D:8)
  3 phantoms
  A kobold brigand (D:10)
  4 bullfrogs
  A scorpion (D:6)
  9 wights
  3 troll zombies (D:10)
  A howler monkey (D:9)
  8 vampire bats (Bailey)
  8 wolf zombies (Bailey)
  3 hounds (D:6)
  A jelly (D:8)
  A gnoll bouda (D:9)
  4 orc priests
  5 sleepcaps
  3 iguanas
  7 orc wizards
  5 hell rats (Lair:1)
  5 ogre zombies (D:10)
  6 gnolls
  3 adders
  A shadow imp (D:7)
  2 ufetubi
  17 orcs
  11 endoplasms
  3 giant cockroaches (D:1)
  2 hobgoblins
  4 jackals (D:2)
  A quokka (D:1)
  A ball python (D:2)
  7 bats
  11 frilled lizards
  6 goblins
  5 goblin zombies (D:10)
  2 hobgoblin skeletons (D:10)
  2 hobgoblin zombies (D:10)
  10 kobolds
  2 orc skeletons (D:10)
  33 orc zombies
  7 rats
307 creatures vanquished.

Vanquished Creatures (others)
  A wraith (D:11)
  An orc (D:10)
  A bush (Lair:1)
  23 fungi
  17 plants
43 creatures vanquished.

Grand Total: 350 creatures vanquished

Notes
Turn   | Place    | Note
-------+----------+-------------------------------------------
     0 | D:1      | Iniera the Demigod Warper began the quest for the Orb.
     0 | D:1      | Reached XP level 1. HP: 17/17 MP: 5/5
   127 | D:1      | Reached skill level 2 in Long Blades
   257 | D:1      | Reached XP level 2. HP: 18/24 MP: 7/7
   919 | D:2      | Found Nenat's Book Emporium.
   969 | D:2      | Reached XP level 3. HP: 19/28 MP: 8/8
  1215 | D:2      | Reached skill level 3 in Long Blades
  1528 | D:2      | Reached XP level 4. HP: 26/37 MP: 9/9
  1786 | D:3      | Noticed Sigmund
  1813 | D:3      | Killed Sigmund
  1814 | D:3      | Reached skill level 4 in Long Blades
  1814 | D:3      | Reached XP level 5. HP: 35/45 MP: 10/10
  2700 | D:3      | You fall into a shaft and drop 3 floors!
  2712 | D:6      | Noticed an ice beast
  2733 | D:6      | Killed an ice beast
  2734 | D:6      | Reached XP level 6. HP: 35/51 MP: 11/11
  2805 | D:5      | Entered Level 5 of the Dungeon
  2857 | D:6      | Reached skill level 5 in Long Blades
  3004 | D:6      | Noticed a steam dragon
  3028 | D:6      | Killed a steam dragon
  3029 | D:6      | Reached XP level 7. HP: 22/58 MP: 12/12
  3600 | D:6      | Reached skill level 1 in Armour
  3907 | D:6      | Reached skill level 6 in Long Blades
  4019 | D:6      | Reached XP level 8. HP: 47/67 MP: 13/13
  4030 | D:6      | Identified the ring "Weicuamy" {*Corrode rPois rN+ Int+6
                  | Slay+3}
  4256 | D:6      | Found a staircase to the Ecumenical Temple.
  4263 | Temple   | Entered the Ecumenical Temple
  4536 | D:7      | Reached skill level 5 in Fighting
  4685 | D:7      | Reached skill level 7 in Long Blades
  4685 | D:7      | Reached skill level 5 in Dodging
  5357 | D:8      | Noticed a hornet
  5363 | D:8      | Killed a hornet
  5563 | D:8      | Noticed Pikel
  5770 | D:8      | Killed Pikel
  5771 | D:8      | Reached skill level 8 in Long Blades
  5771 | D:8      | Reached XP level 9. HP: 69/75 MP: 14/14
  5875 | D:8      | Noticed Psyche
  5884 | D:8      | Killed Psyche
  5972 | D:8      | Noticed Erica
  5996 | D:8      | Killed Erica
  6054 | D:8      | Learned a level 2 spell: Blink
  6057 | D:8      | Learned a level 2 spell: Lesser Beckoning
  6061 | D:8      | Learned a level 3 spell: Vhi's Electric Charge
  6066 | D:8      | Learned a level 4 spell: Manifold Assault
  6369 | D:8      | Reached skill level 9 in Long Blades
  6598 | D:9      | Found Xestrusufy's Book Boutique.
  6627 | D:9      | Reached skill level 5 in Armour
  7481 | D:9      | Reached XP level 10. HP: 84/84 MP: 15/15
  7519 | D:10     | Entered Level 10 of the Dungeon
  7606 | D:10     | Noticed Harold
  7620 | D:10     | Killed Harold
  7794 | D:10     | Found a flagged portal.
  7808 | Bailey   | Entered a bailey
  8092 | Bailey   | Identified the +0 robe "Gaesuah" {+Inv rCorr Str-3}
  8133 | Bailey   | Reached skill level 10 in Long Blades
  8455 | D:10     | Found a staircase to the Orcish Mines.
  8771 | D:10     | Noticed Nergalle
  8793 | D:10     | Killed Nergalle
  9070 | D:10     | Noticed a two-headed ogre
  9264 | D:9      | Killed a two-headed ogre
  9628 | D:11     | Noticed Josephine
  9635 | D:11     | Noticed Erolcha
  9650 | D:11     | Killed Josephine
  9651 | D:11     | Reached XP level 11. HP: 85/93 MP: 17/17
  9662 | D:11     | Reached skill level 11 in Long Blades
 10159 | D:11     | Reached skill level 1 in Throwing
 10274 | D:11     | Reached skill level 1 in Evocations
 10489 | D:11     | Found a staircase to the Lair.
 10491 | D:11     | Noticed Maurice
 10524 | D:11     | Killed Maurice
 11173 | Orc:1    | Entered Level 1 of the Orcish Mines
 11177 | Orc:1    | Noticed Sonja
 11226 | Lair:1   | Entered Level 1 of the Lair of Beasts
 11429 | Lair:1   | Found a runed translucent door.
 11432 | Lair:1   | Noticed DeathPants's ghost (journeyman VSSu)
 11433 | Lair:1   | Identified the +9 trident "Maefigru" {pain, Dex+2}
 11450 | Lair:1   | Noticed Joseph
 11469 | Lair:1   | Killed Joseph
 11976 | Lair:1   | Reached skill level 12 in Long Blades
 13635 | Lair:2   | Reached XP level 12. HP: 79/103 MP: 18/18
 14043 | Lair:2   | Noticed Gastronok
 14064 | Lair:2   | Killed Gastronok
 14800 | Lair:3   | Found a hole to the Spider Nest.
 14810 | Lair:3   | Slain by a pharaoh ant

Illustrated notes

Levels and vault maps discovered:
D:1:      sevenhm_arrival_forest_fort_small_3, layout_basic, minmay_lizard_pond
D:2:      layout_basic, serial_shops, shop, basic_altar, palyth_stone_intersect,
          mrwooster_statue_mirror, minmay_tripent
D:3:      layout_basic, lemuel_tele_altar,
          mainiacjoe_overflow_concentric_impassable, grunt_qazlal_clouds,
          kennysheep_generic_room_14, uniq_sigmund
D:5:      layout_loops_corners, serial_shops, shop, roderic_serpentine_path,
          dk_rats_in_the_wall, uniq_grinder
D:6:      cheibrodos_barr_body, layout_loops_ring,
          nicolae_overflow_two_pavilions, minmay_temple_entry_fiery
D:7:      layout_loops_ring
D:8:      layout_loops_ring, mainiacjoe_overflow_tiny_flanked,
          minmay_door_square, uniq_psyche, uniq_pikel, uniq_erica
D:9:      layout_gridville, general_overflow_altar, serial_shops, shop
D:10:     layout_big_octagon, mainiacjoe_overflow_alcove_1, zombieorc2_lemuel,
          enter_bailey_1, chequers_serial_rivers_micro_c, uniq_harold,
          uniq_nergalle
D:11:     layout_loops_corners, lair_entry_dummy, uniq_maurice, uniq_erolcha,
          uniq_josephine
D:12:     minmay_connected_boxes_in_corner, layout_basic, hex_intersection
Temple:   nicolae_temple_bog_church
Lair:1:   layout_layer_cave, ebering_ghost_funeral_grove, serial_bayou_shore_b,
          uniq_joseph
Lair:2:   layout_roguey, uniq_gastronok
Lair:3:   layout_roguey, nicolae_swamp_entry_splash_gauntlet,
          nicolae_spider_entry_lesser_pyramids, serial_bayou_shore_b
Orc:1:    layout_caves, uniq_sonja

Skill      XL: |  1  2  3  4  5  6  7  8  9 10 11 12 |
---------------+-------------------------------------+-----
Long Blades    | 2 3 4 5 6 8 9 10 12 | 12.8
Fighting       | 2 3 4 5 6 7 8 9 |  9.3
Dodging        | 2 3 4 5 6 7 8 9 |  9.3
Armour         | 2 4 5 6 |  6.0
Throwing       | 2 |  2.8
Evocations     | 2 |  2.6
Spellcasting   | |  1.7
Translocations | |  2.6

Action                     |  1- 3 |  4- 6 |  7- 9 | 10-12 || total
---------------------------+-------+-------+-------+-------++-------
  Melee: Falchion          |    67 |       |       |       ||    67
         Whip              |   113 |   104 |     8 |       ||   225
         Punch             |       |     1 |     4 |     8 ||    13
         Long sword        |       |       |   250 |       ||   250
         Scimitar          |       |       |    77 |   562 ||   639
         Great sword       |       |       |       |   134 ||   134
  Throw: Dart              |       |     7 |    17 |    16 ||    40
         Boomerang         |       |       |     2 |     1 ||     3
   Cast: Blink             |       |       |       |     2 ||     2
    Use: Scroll            |     3 |    11 |     3 |    10 ||    27
         Potion            |       |     2 |     6 |     3 ||    11
   Stab: Distracted        |     1 |       |     1 |       ||     2
         Sleeping          |       |       |     3 |     4 ||     7
         Invisible         |       |       |       |     2 ||     2
 Armour: Leather armour    |    54 |    34 |       |       ||    88
         Steam dragon scal |       |       |    87 |   233 ||   320
  Dodge: Dodged            |   117 |    78 |   221 |   721 ||  1137

Table legend: (Time is in decaauts)
 A = Elapsed time spent in this place.
 B = Non-inter-level travel time spent in this place.
 C = Inter-level travel time spent in this place.
 D = Time resting spent in this place.
 E = Time spent auto-exploring this place.
 F = Levels seen in this place.
 G = Mean time per level.
                   A        B        C        D        E       F      G
               +--------+--------+--------+--------+--------+-----+--------+
         Total |  14815 |  14450 |    365 |   2099 |   9632 |  17 |  871.5 |
       Dungeon |  10598 |  10306 |    292 |   1339 |   6962 |  11 |  963.5 |
        Temple |      1 |      1 |      0 |      0 |      0 |   1 |    1.0 |
          Lair |   3589 |   3518 |     71 |    760 |   2247 |   3 | 1196.3 |
  Orcish Mines |      7 |      7 |      0 |      0 |      0 |   1 |    7.0 |
        Bailey |    618 |    618 |      0 |      0 |    423 |   1 |  618.0 |
               +--------+--------+--------+--------+--------+-----+--------+

Top non-repeatable levels by time:
  Lair:1: 2529 daAuts
     D:6: 1660 daAuts
    D:11: 1577 daAuts
     D:8: 1269 daAuts
    D:10: 1193 daAuts
     D:9: 1183 daAuts
  Lair:2: 1013 daAuts
     D:3: 984 daAuts
     D:7: 943 daAuts
     D:1: 936 daAuts
     D:2: 806 daAuts
  Bailey: 618 daAuts
  Lair:3: 46 daAuts
     D:5: 39 daAuts
   Orc:1: 7 daAuts
